 Dungeon Crawl Stone Soup version 0.23.2-1-ga50397a6bc (webtiles) character file.

Game seed: 10382113723073158878

34 Freyura the Cudgeler (level 3, -3/29 HPs)
             Began as a Demonspawn Berserker on May 16, 2019.
             Was a Follower of Trog.
             Slain by an ice beast (11 damage)
             ... on level 2 of the Dungeon.
             The game lasted 00:02:11 (1091 turns).

Freyura the Cudgeler (Demonspawn Berserker)         Turns: 1091, Time: 00:02:13

Health: -3/29      AC:  3    Str: 17    XL:     3   Next: 14%
Magic:  3/3        EV: 12    Int:  8    God:    Trog [*.....]
Gold:   44         SH:  0    Dex: 13    Spells: 2/2 levels left

rFire    . . .     SeeInvis .   a - +0 mace
rCold    . . .     Gourm    .   (no shield)
rNeg     . . .     Faith    .   b - +0 animal skin
rPois    .         Spirit   .   (no helmet)
rElec    .         Reflect  .   (no cloak)
rCorr    .         Harm     .   (no gloves)
MR       .....                  e - +0 pair of boots
Stlth    +.........             (no amulet)
HPRegen  0.09/turn              (no ring)
MPRegen  0.08/turn              (no ring)

@: lethally poisoned (-3 -> -7)
A: demonic guardian 1
a: Berserk, Renounce Religion


You were on level 2 of the Dungeon.
You worshipped Trog.
Trog was aware of your devotion.
You were not hungry.

You visited 1 branch of the dungeon, and saw 2 of its levels.

You collected 44 gold pieces.

Inventory:

Hand Weapons
 a - a +0 mace (weapon)
Armour
 b - a +0 animal skin (worn)
 e - a +0 pair of boots (worn)
Scrolls
 j - a scroll of remove curse {unknown}
 k - 2 scrolls of identify {unknown}
Potions
 d - a potion of invisibility {unknown}
 f - a potion of heal wounds {unknown}
 g - a potion of agility {unknown}
 h - a potion of curing {unknown}
Comestibles
 c - 2 rations
 i - 3 chunks of flesh


   Skills:
 + Level 3.3 Fighting
 * Level 3.6 Maces & Flails
 + Level 1.8 Armour
 + Level 1.9 Dodging


You had 2 spell levels left.
You didn't know any spells.
Your spell library was empty.

Dungeon Overview and Level Annotations

Branches:
Dungeon (2/15)

Altars:


Innate Abilities, Weirdness & Mutations

A weak demonic guardian rushes to your aid.


Message History

Your ufetubus barely misses the ice beast.
The ice beast hits you. The ice beast freezes you.
Your ufetubus hits the ice beast.
Your ufetubus closely misses the ice beast.
The ice beast misses your ufetubus.
You closely miss the ice beast.
The ice beast is moderately wounded.
You feel sick.
Your ufetubus hits the ice beast but does no damage. x2
Your ufetubus barely misses the ice beast.
Your ufetubus closely misses the ice beast.
The ice beast hits you but does no damage.
You closely miss the ice beast.
The ice beast is moderately wounded.
Your ufetubus hits the ice beast.
Your ufetubus hits the ice beast but does no damage.
The ice beast hits you.
* * * LOW HITPOINT WARNING * * *
The ice beast freezes you!
You die...

## .. #.. #. #. #.#
####.# #.## ...
.#.....##..# #. ##..
........##.#######.#...#
.....................# #
............## ###..# ##
......Y@.#...# #....# #.
......5..##..###.##.###.
.........##..........#..
........?##.##.####.....
........###.#..# #.####
.#.....## #...## ###
###### #..## ####.####
#.......#


You could see an ice beast and a friendly ufetubus.

Vanquished Creatures
  A ball python (D:2)
  3 giant cockroaches (D:1)
  2 goblins (D:1)
  6 hobgoblins
  4 kobolds
  4 bats
  2 frilled lizards (D:1)
22 creatures vanquished.

Vanquished Creatures (collateral kills)
  An adder (D:2)
1 creature vanquished.

Grand Total: 23 creatures vanquished

Notes
Turn   | Place    | Note
-------+----------+-------------------------------------------
     0 | D:1      | Freyura the Demonspawn Berserker began the quest for the
                  | Orb.
     0 | D:1      | Reached XP level 1. HP: 18/18 MP: 1/1
   551 | D:1      | Gained mutation: A weak demonic guardian rushes to your
                  | aid. [demonic ancestry]
   551 | D:1      | Reached XP level 2. HP: 13/24 MP: 2/2
  1082 | D:2      | Noticed an ice beast
  1087 | D:2      | Reached XP level 3. HP: 20/29 MP: 3/3
  1091 | D:2      | Slain by an ice beast

Skill      XL: |  1 |
---------------+----+-----
Maces & Flails | 3 |  3.6
Fighting       | |  3.3
Armour         | |  1.8
Dodging        | |  1.9

Action                   || total
-------------------------++-------
Melee: Mace              ||    70
Invok: Berserk           ||     1
 Stab: Sleeping          ||     1
  Eat: Chunk             ||     2
Armor: Animal skin       ||    22
Dodge: Dodged            ||    79
